Map: Dash and Terminal LE (Void)

Players

wabbajack - Winner!

  • Race: Zerg Zerg
  • League: Grandmaster

Tekno

  • Race: Terran Terran
  • League: Grandmaster

VOD

Have the link to the VOD?

Description

Time

  • Played on: July 15, 2015, 11:52 p.m.
  • Length: 14:14
Show
View Real Time Build Order
Export as new Build Order

wabbajack Zerg - Winner!

Build Orders: Hatch First 

Get SALT Encoding   

  12  0:02  Drone  
  13  0:18  Overlord  
  13  0:19  Drone  
  14  0:27  Extractor  
  13  0:29  Drone  
  15  0:50  Hatchery  
  15  0:56  Drone x2  
  16  1:01  Drone  
  17  1:21  Extractor, Spawning Pool  
  17  1:22  Drone x2  
  17  1:29  Drone  
  18  1:52  Overlord  
  18  2:00  Extractor  
  17  2:15  Queen  
  19  2:17  Queen  
  21  2:23  Roach Warren  
  21  2:24  Drone x2  
  21  2:25  Drone  
  21  2:26  Drone  
  24  2:33  Metabolic Boost  
  24  2:47  Drone x3  
  24  2:48  Drone  
  29  2:51  Drone  
  29  2:59  Spine Crawler  
  29  3:04  Overlord  
  30  3:12  Roach  
  30  3:13  Roach  
  30  3:19  Roach  
  36  3:20  Roach  
  36  3:25  Overlord  
  36  3:35  Overlord  
  36  3:46  Zergling x2  
  36  3:47  Roach  
  36  3:48  Roach x2  
  43  4:07  Ravager  
  44  4:14  Overlord  
  44  4:16  Zergling x12  
  44  4:17  Zergling x4  
  52  4:24  Overlord  
  52  4:29  Spine Crawler  
  39  4:51  Zergling x18  
  24  5:39  Queen  
  24  5:41  Drone x5  
  31  5:45  Lair  
  31  6:21  Roach  
  31  6:22  Roach x6  
  31  6:23  Roach x5  
  55  6:33  Drone x3  
  55  6:36  Overlord  
  58  6:42  Glial Reconstitution  
  58  6:48  Hydralisk Den  
  57  7:29  Hatchery  
  56  7:32  Zergling x18  
  65  7:41  Zergling x8  
  47  8:03  Lurker Den  
  43  8:12  Evolution Chamber  
  42  8:13  Evolution Chamber  
  42  8:19  Hydralisk x2  
  45  8:20  Zergling x2  
  45  8:21  Zergling x22  
  43  8:40  Zergling x12  
  39  9:01  Drone  
  39  9:02  Drone x5  
  45  9:04  Queen  
  47  9:10  Zerg Missile Weapons Level 1  
  47  9:11  Drone  
  47  9:13  Drone x2  
  50  9:26  Baneling Nest  
  50  9:30  Drone x4  
  53  9:32  Drone x2  
  55  9:47  Lurker  
  55  9:49  Hydralisk  
  59  9:52  Drone  
  59  9:53  Drone x6  
  59  9:56  Extractor  
  64  10:10  Extractor  
  64  10:13  Overlord x2  
  63  10:19  Zerg Ground Armor Level 1  
  63  10:23  Overlord  
  63  10:34  Drone x4  
  63  10:35  Drone  
  68  10:36  Extractor  
  68  10:40  Roach x5  
  68  10:41  Roach x3  
  83  10:50  Drone x4  
  83  10:54  Extractor  
  86  11:04  Overlord  
  86  11:08  Zerg Melee Weapons Level 1  
  86  11:13  Hydralisk  
  86  11:14  Hydralisk x4  
  86  11:17  Overlord x2  
  87  11:48  Lurker  
  87  11:49  Lurker, Hydralisk x3  
  87  11:50  Hydralisk  
  87  11:51  Overlord x2  
  97  12:01  Drone x5  
  101  12:02  Overlord  
  101  12:03  Overlord  
  101  12:04  Drone  
  101  12:05  Drone x3  
  101  12:06  Drone x2  
  108  12:15  Spore Crawler  
  107  12:26  Infestation Pit  
  107  12:27  Overseer  
  106  12:33  Hatchery  
  105  12:37  Spire  
Show
View Real Time Build Order
Export as new Build Order

Tekno Terran 

Build Orders: MMM Bio 

Get SALT Encoding   

  12  0:29  SCV  
  13  0:53  Supply Depot  
  13  0:55  SCV  
  14  1:07  SCV  
  15  1:17  Barracks  
  15  1:21  Barracks  
  15  1:22  SCV  
  16  1:33  Refinery  
  16  1:34  SCV  
  17  1:46  SCV  
  18  1:49  Barracks  
  19  2:04  Orbital Command  
  19  2:07  Supply Depot  
  17  2:09  Marine  
  17  2:10  Marine  
  17  2:13  Supply Depot  
  19  2:28  Marine  
  21  2:33  Supply Depot  
  21  2:34  SCV  
  21  2:35  Barracks Tech Lab  
  21  2:42  Marine  
  22  2:46  Marine  
  23  2:51  SCV  
  23  2:55  Marine  
  23  2:56  Stimpack  
  25  3:00  Marine  
  25  3:04  Marine  
  27  3:13  Marine  
  27  3:18  Marine  
  29  3:35  Marine x2  
  29  3:36  Marine  
  29  3:37  SCV  
  33  3:42  Factory  
  33  3:43  Bunker  
  33  3:52  Marine  
  33  3:53  Marine x2  
  36  4:01  Bunker  
  35  4:10  Marine  
  35  4:11  SCV, Marauder  
  35  4:14  Barracks Tech Lab  
  39  4:26  Supply Depot  
  39  4:28  Marine  
  39  4:29  Supply Depot  
  39  4:31  SCV  
  41  4:32  Factory Tech Lab  
  41  4:33  Concussive Shells, Marauder  
  41  4:35  Marauder  
  33  5:04  Marine x3  
  33  5:05  Widow Mine  
  37  5:09  Bunker  
  36  5:18  SCV  
  32  5:22  Marauder, Marine  
  32  5:23  Marauder  
  30  5:30  SCV  
  31  5:42  SCV  
  30  5:44  Siege Tank  
  30  5:49  Marauder  
  35  5:50  Marine  
  35  5:51  Marine  
  35  5:54  SCV  
  38  6:06  SCV  
  38  6:08  Command Center, Marine  
  38  6:09  Marauder  
  42  6:16  Hellion  
  42  6:18  SCV  
  45  6:20  Command Center  
  45  6:29  Marine, Marauder  
  50  6:33  Marauder  
  50  6:36  Refinery  
  50  6:37  SCV  
  51  7:03  Siege Tank  
  54  7:10  Bunker  
  54  7:12  SCV  
  55  7:19  Marine  
  55  7:20  Marauder  
  55  7:22  Marauder  
  60  7:28  Supply Depot  
  55  8:07  SCV  
  55  8:08  Siege Tank  
  55  8:09  Marauder, Marine  
  62  8:21  SCV  
  63  8:32  Marine  
  63  8:33  Marine x2  
  42  8:55  Refinery  
  42  9:09  Orbital Command  
  42  9:26  SCV  
  42  9:30  Refinery  
  43  9:36  Refinery  
  43  9:41  SCV x3  
  43  9:44  Barracks Tech Lab  
  46  9:48  Barracks Tech Lab  
  46  9:54  SCV  
  46  9:55  SCV, Barracks Reactor  
  46  9:56  SCV  
  49  10:08  Factory Tech Lab  
  49  10:15  Combat Shields, Marauder x2  
  49  10:16  SCV x2  
  49  10:17  SCV  
  49  10:20  Refinery x2  
  56  10:25  Refinery  
  56  10:28  SCV  
  56  10:30  Siege Tank, Engineering Bay  
  56  10:32  Engineering Bay  
  56  10:34  SCV  
  62  10:38  Orbital Command  
  63  10:43  Marauder x2  
  63  10:45  SCV  
  63  10:47  Marine x2  
  68  10:53  Orbital Command  
  68  10:58  Terran Infantry Weapons Level 1  
  68  11:01  Terran Infantry Armor Level 1  
  68  11:06  Starport  
  68  11:07  SCV  
  68  11:09  SCV  
  70  11:16  Marine  
  71  11:20  SCV x2  
  71  11:21  Marine x2  
  71  11:22  Marine  
  71  11:23  SCV  
  77  11:33  SCV x2, Factory Reactor  
  77  11:35  SCV  
  67  11:48  Marine  
  67  11:49  Marauder x2, Marine  
  73  11:57  SCV, Bunker  
  73  11:58  SCV x2, Bunker  
  76  12:10  SCV  
  76  12:13  SCV  
  76  12:14  SCV  
  83  12:15  Marine, Marauder  
  83  12:16  Marine, Marauder  
  83  12:22  SCV  
  86  12:25  Supply Depot, SCV  
  86  12:26  Supply Depot x2  
  86  12:29  Supply Depot  
  87  12:30  Armory, Supply Depot  
  87  12:31  Supply Depot  
  87  12:33  Marine  
  87  12:35  Medivac x2  
  92  12:37  SCV  
  93  12:45  Supply Depot x2  
  93  12:46  SCV x2, Siege Tank  
  93  12:47  Marauder  
Tags
 
Add a new tag
Caveats
  • Supply blocks, unpowered buildings, or Contaminate may cause inaccurate times.
  • Supply counts are checked every 10 seconds.